 Dungeon Crawl Stone Soup version 0.24.0-35-gdb84b6a5db (webtiles) character file.

Game seed: 15775248096353527727, levelgen mode: deterministic

299 Flugslaktarn the Chopper (level 6, 0/56 HPs)
             Began as a Deep Dwarf Fighter on Nov 17, 2019.
             Slain by an ogre
             ... wielding a +0 giant club
              (23 damage)
             ... on level 4 of the Dungeon.
             The game lasted 00:00:55 (1007 turns).

Flugslaktarn the Chopper (Deep Dwarf Fighter)       Turns: 1007, Time: 00:00:56

Health: 0/56       AC:  8    Str: 22    XL:     6   Next: 13%
Magic:  5/5        EV:  7    Int:  8    God:
Gold:   85         SH: 10    Dex: 12    Spells: 5/5 levels left

rFire    . . .     SeeInvis .   a - +0 war axe
rCold    . . .     Gourm    .   c - +0 shield
rNeg     . . .     Faith    .   b - +0 scale mail
rPois    .         Spirit   .   (no helmet)
rElec    .         Reflect  .   (no cloak)
rCorr    .         Harm     .   (no gloves)
MR       .....                  m - +0 pair of boots
Stlth    ..........             (no amulet)
HPRegen  0.00/turn              (no ring)
MPRegen  0.09/turn              (no ring)

@: non-regenerating
A: damage resistance, heal wounds, sense surroundings 1, no regeneration
a: Heal Wounds


You were on level 4 of the Dungeon.
You were not hungry.

You visited 1 branch of the dungeon, and saw 4 of its levels.

You collected 85 gold pieces.

Inventory:

Hand Weapons
 a - a +0 war axe (weapon)
Armour
 b - a +0 scale mail (worn)
 c - a +0 shield (worn)
 m - a +0 pair of boots (worn)
   (You found it on level 3 of the Dungeon)
Jewellery
 f - an uncursed ring of flight {unknown}
   (You found it on level 4 of the Dungeon)
 i - a +2 ring of protection {unknown}
   (You found it on level 2 of the Dungeon)
Scrolls
 g - a scroll of amnesia {unknown}
 h - a scroll of teleportation {unknown}
 j - 2 scrolls of identify {unknown}
 k - a scroll of remove curse {unknown}
Potions
 d - 2 potions of might
 l - 2 potions of curing {unknown}
Comestibles
 e - 6 rations


   Skills:
 + Level 3.6 Fighting
 * Level 4.8 Axes
 + Level 4.4 Armour
 + Level 4.4 Shields


You had 5 spell levels left.
You didn't know any spells.
Your spell library was empty.

Dungeon Overview and Level Annotations

Branches:
Dungeon (4/15)
 Temple: D:4-7

Altars:


Innate Abilities, Weirdness & Mutations

You are resistant to damage.
You can heal yourself by infusing magical energy.
You passively map a small area around you.
You do not regenerate.


Message History

You see here an arrow.
You see here an arrow.
Found an escape hatch in the floor.
Things that are here:
12 arrows; a +0 shortbow; a centaur skeleton An ogre comes into view.
It is wielding a +0 giant club.
The ogre shouts!
An ogre is nearby!
An ogre is nearby!
The ogre hits you with a +0 giant club!!
You hit the ogre.
The ogre is moderately wounded.
The ogre barely misses you.
You completely miss the ogre.
The ogre is lightly wounded.
The ogre barely misses you.
You slash the ogre!
The ogre is heavily wounded.
The ogre hits you with a +0 giant club!!
You die...

, , , . . * * *.#. , ,
..# * #.# ,, #.# #+# *
#.# #.# *, #O#
######.####* .# #@#
#........>#. #...##
#.#####.###.......
..#...###...........>..#.
, * #.#
#...######.###...#.# * *
.. ,**#...'.#######(##.#,
, ##.#
##.##...###......#, * #..
#..#..#[..###.#(## ##.##
, ##.##.####...###(#
#...### +..#.. ###.....#


You could see an ogre.

Vanquished Creatures
  A centaur (D:4)
  A scorpion (D:4)
  An orc priest (D:3)
  A hound (D:4)
  An iguana (D:4)
  3 adders
  A worm (D:3)
  2 dart slugs
  A leopard gecko (D:4)
  4 orcs (D:3)
  A ball python (D:2)
  A giant cockroach (D:1)
  5 goblins
  8 hobgoblins
  A quokka (D:4)
  5 bats
  A frilled lizard (D:2)
  5 kobolds
43 creatures vanquished.

Notes
Turn   | Place    | Note
-------+----------+-------------------------------------------
     0 | D:1      | Flugslaktarn the Deep Dwarf Fighter began the quest for the
                  | Orb.
     0 | D:1      | Reached XP level 1. HP: 20/20 MP: 1/1
   142 | D:1      | Reached XP level 2. HP: 22/27 MP: 2/2
   284 | D:2      | Reached XP level 3. HP: 28/33 MP: 3/3
   525 | D:3      | Reached XP level 4. HP: 33/42 MP: 4/4
   663 | D:4      | Noticed a centaur
   677 | D:4      | Killed a centaur
   677 | D:4      | Reached XP level 5. HP: 24/49 MP: 5/5
   836 | D:4      | Reached XP level 6. HP: 46/56 MP: 5/5
  1007 | D:4      | Slain by an ogre

Levels and vault maps discovered:
D:1:      minmay_arrival_widening_spiral_wide, layout_rooms, minmay_tromino_mix6
D:2:      layout_basic
D:3:      layout_basic, first_ration, minmay_misc_feat_cross
D:4:      minmay_skewed_foursquare, layout_loops_corners, xom_redecorated

Skill      XL: |  1  2  3  4 |
---------------+-------------+-----
Axes           | 3 4 |  4.8
Fighting       | 3 |  3.6
Armour         | 4 |  4.4
Shields        | 4 |  4.4

Action                   |  1- 3 |  4- 6 || total
-------------------------+-------+-------++-------
Melee: War axe           |    85 |    44 ||   129
 Abil: Heal Wounds       |     1 |     2 ||     3
  Eat: Chunk             |       |     1 ||     1
Armor: Scale mail        |    35 |    18 ||    53
Dodge: Dodged            |    24 |    15 ||    39
Block: Shield            |    47 |    22 ||    69
